NYP
EUGENE EMERALDS @ LOS ANGELES (NYP) DODGERS
06/28/2044
 
TOP OF THE 1ST
Eugene Emeralds batting - Pitching for Los Angeles (NYP) Dodgers : LHP Jake Hall
Pitching: LHP Jake Hall
Batting: RHB Garrett Granata 0-0: Ball
1-0: Ball
2-0: Ball
3-0: Called Strike
3-1: Called Strike
3-2: Strikes out swinging
Batting: RHB Chris Slama 0-0: Ball
1-0: Ball
2-0: Foul Ball, location: 2F
2-1: Ground out U3 (Groundball, 34, EV 91.2 MPH)
Batting: RHB Francisco Ramirez 0-0: Called Strike
0-1: Ball
1-1: Ball
2-1: Ball
3-1: Base on Balls
Batting: LHB Trevor Spaulding 0-0: Swinging Strike
0-1: Ball
Passed Ball!
Francisco Ramirez to second
1-1: Swinging Strike
1-2: Ground out 4-3 (Groundball, 4, EV 85.0 MPH)
Top of the 1st over - 0 runs, 0 hits, 0 errors, 1 left on base; Eugene 0 - Los Angeles (NYP) 0
BOTTOM OF THE 1ST
Los Angeles (NYP) Dodgers batting - Pitching for Eugene Emeralds : RHP Jose Ramirez
Pitching: RHP Jose Ramirez
Batting: RHB Mario Mejia 0-0: Called Strike
0-1: Ball
1-1: Ball
2-1: Ball
3-1: Called Strike
3-2: Base on Balls
Batting: RHB Leo Cuellar 0-0: Ball
1-0: Called Strike
1-1: Called Strike
1-2: Strikes out swinging
Batting: LHB Kippy McGrath 0-0: Called Strike
Mario Mejia steals 2nd base (no throw)
0-1: Ground out 4-3 (Groundball, 4, EV 85.0 MPH)
Mario Mejia to third
Batting: SHB Chris Ackerson 0-0: Swinging Strike
0-1: Foul Ball, location: 2F
0-2: Ball
1-2: Foul Ball, location: 2F
1-2: Strikes out swinging
Bottom of the 1st over - 0 runs, 0 hits, 0 errors, 1 left on base; Eugene 0 - Los Angeles (NYP) 0
TOP OF THE 2ND
Eugene Emeralds batting - Pitching for Los Angeles (NYP) Dodgers : LHP Jake Hall
Batting: RHB Jonathan Sotelo 0-0: Ball
1-0: Called Strike
1-1: Ball
2-1: SINGLE (Groundball, 4MD, EV 101.9 MPH)
Batting: LHB Kwang-chih Men 0-0: Called Strike
0-1: Ball
1-1: Foul Ball, location: 2F
1-2: Reached on error, E7 (Flyball, 7D, EV 105.0 MPH)
Jonathan Sotelo to second
Batting: LHB Mark Huey 0-0: Ball
1-0: Foul Ball, location: 2F
1-1: Ball
Passed Ball!
Jonathan Sotelo to third
Kwang-chih Men to second
2-1: Called Strike
2-2: Foul Ball, location: 2F
2-2: Ball
3-2: Ground out 4-3 (Groundball, 4, EV 80.0 MPH)
Jonathan Sotelo scores
Kwang-chih Men to third
Batting: RHB Brian Gargis 0-0: Ball
1-0: Foul Ball, location: 2F
1-1: Swinging Strike
1-2: Ball
2-2: Ground out 5-3 (Groundball, 56, EV 90.0 MPH)
Kwang-chih Men scores
Batting: RHB Eddy Marcos 0-0: Ball
1-0: Ball
2-0: Ball
3-0: Base on Balls
Batting: RHB Garrett Granata 0-0: Foul Ball, location: 2F
0-1: Swinging Strike
0-2: Ball
1-2: Strikes out swinging
Top of the 2nd over - 2 runs, 1 hit, 1 error, 1 left on base; Eugene 2 - Los Angeles (NYP) 0
BOTTOM OF THE 2ND
Los Angeles (NYP) Dodgers batting - Pitching for Eugene Emeralds : RHP Jose Ramirez
Batting: RHB Eddie Perry 0-0: Ground out 6-3 (Groundball, 6, EV 106.2 MPH)
Batting: RHB Jonathan Kirsch 0-0: SINGLE (Groundball, 6M, EV 103.1 MPH) (infield hit)
Batting: LHB Bobby Gambrell 0-0: Ball
1-0: Fly out, F8 (Flyball, 78M, EV 93.1 MPH)
Batting: RHB Jonathan Quijada 0-0: Ball
1-0: Ball
2-0: Called Strike
2-1: Fielders Choice at 2nd, 5-4 (Groundball, 5, EV 86.9 MPH)
Bottom of the 2nd over - 0 runs, 1 hit, 0 errors, 1 left on base; Eugene 2 - Los Angeles (NYP) 0
TOP OF THE 3RD
Eugene Emeralds batting - Pitching for Los Angeles (NYP) Dodgers : LHP Jake Hall
Batting: RHB Chris Slama 0-0: SINGLE (Groundball, 6MD, EV 99.4 MPH)
Batting: RHB Francisco Ramirez 0-0: Hit by Pitch
Chris Slama to second
Pinch Runner at 1st Ryan Walker:
Batting: LHB Trevor Spaulding 0-0: Fly out, F5 (Line Drive, 5, EV 65.0 MPH)
Batting: RHB Jonathan Sotelo 0-0: Fly out, F9 (Line Drive, 9, EV 93.1 MPH)
Batting: LHB Kwang-chih Men 0-0: Foul Ball, location: 2F
0-1: Ball
1-1: Ball
2-1: SINGLE (Groundball, 34D, EV 96.9 MPH)
Chris Slama to third
Ryan Walker to second
Runner from 3rd tries for Home, SAFE, throw by RF to home
Batting: LHB Mark Huey 0-0: Foul Ball, location: 2F
0-1: Ball
1-1: Ball
2-1: Foul Ball, location: 2F
2-2: Fielders Choice at 2nd, 5-4 (Groundball, 56, EV 104.4 MPH)
Top of the 3rd over - 1 run, 2 hits, 0 errors, 2 left on base; Eugene 3 - Los Angeles (NYP) 0
BOTTOM OF THE 3RD
Los Angeles (NYP) Dodgers batting - Pitching for Eugene Emeralds : RHP Jose Ramirez
Batting: RHB Neal Jukic 0-0: Called Strike
0-1: Foul Ball, location: 2F
0-2: Ball
1-2: Foul Ball, location: 2F
1-2: Foul Ball, location: 2F
1-2: Strikes out swinging
Batting: RHB Mario Mejia 0-0: Ball
1-0: Called Strike
1-1: Ball
2-1: Ball
3-1: Called Strike
3-2: Foul Ball, location: 2F
3-2: Fly out, F7 (Flyball, 78S, EV 88.8 MPH)
Batting: RHB Leo Cuellar 0-0: Ball
1-0: Ball
2-0: Fly out, F6 (Line Drive, 6, EV 73.1 MPH)
Bottom of the 3rd over - 0 runs, 0 hits, 0 errors, 0 left on base; Eugene 3 - Los Angeles (NYP) 0
TOP OF THE 4TH
Eugene Emeralds batting - Pitching for Los Angeles (NYP) Dodgers : LHP Jake Hall
Batting: RHB Brian Gargis 0-0: Called Strike
0-1: Ball
1-1: Fly out, F4 (Flyball, 4D, EV 86.2 MPH)
Batting: RHB Eddy Marcos 0-0: Ball
1-0: Foul Ball, location: 2F
1-1: Ball
2-1: Ball
3-1: Swinging Strike
3-2: Base on Balls
Batting: RHB Garrett Granata 0-0: Ball
1-0: Ball
2-0: Ball
3-0: Called Strike
3-1: Swinging Strike
3-2: Base on Balls
Eddy Marcos to second
Pitching: LHP Gavin White
Batting: RHB Chris Slama 0-0: Foul Ball, location: 2F
0-1: Foul Ball, location: 2F
0-2: Foul Ball, location: 2F
0-2: Strikes out swinging
Batting: RHB Ryan Walker 0-0: Ball
1-0: Ball
Wild Pitch!
Eddy Marcos to third
Garrett Granata to second
2-0: Ball
3-0: Base on Balls
Batting: LHB Trevor Spaulding 0-0: Ball
1-0: Swinging Strike
1-1: Swinging Strike
1-2: Ball
2-2: Strikes out swinging
Top of the 4th over - 0 runs, 0 hits, 0 errors, 3 left on base; Eugene 3 - Los Angeles (NYP) 0
BOTTOM OF THE 4TH
Los Angeles (NYP) Dodgers batting - Pitching for Eugene Emeralds : RHP Jose Ramirez
Batting: LHB Kippy McGrath 0-0: Ball
1-0: Foul Ball, location: 2F
1-1: Called Strike
1-2: Foul Ball, location: 2F
1-2: Ground out 4-3 (Groundball, 4D, EV 102.5 MPH)
Batting: SHB Chris Ackerson 0-0: SINGLE (Flyball, 8RS, EV 96.2 MPH)
Batting: RHB Eddie Perry 0-0: Ball
1-0: Fly out, F8 (Line Drive, 8RD, EV 95.0 MPH)
Batting: RHB Jonathan Kirsch 0-0: TRIPLE (Flyball, 8LXD, EV 98.8 MPH)
Chris Ackerson scores
Batting: LHB Bobby Gambrell 0-0: Ball
1-0: Ball
2-0: Ball
3-0: Base on Balls
Batting: RHB Jonathan Quijada 0-0: Fly out, F9 (Flyball, 9LD, EV 80.6 MPH)
Bottom of the 4th over - 1 run, 2 hits, 0 errors, 2 left on base; Eugene 3 - Los Angeles (NYP) 1
TOP OF THE 5TH
Eugene Emeralds batting - Pitching for Los Angeles (NYP) Dodgers : LHP Gavin White
Batting: RHB Jonathan Sotelo 0-0: Foul Ball, location: 2F
0-1: Fly out, F9 (Flyball, 9D, EV 104.4 MPH)
Batting: LHB Kwang-chih Men 0-0: Foul Ball, location: 2F
0-1: Ball
1-1: Foul Ball, location: 2F
1-2: Strikes out swinging
Batting: LHB Mark Huey 0-0: Ball
1-0: Ball
2-0: Ball
3-0: Called Strike
3-1: Called Strike
3-2: Foul Ball, location: 2F
3-2: SINGLE (Groundball, 13S, EV 61.2 MPH) (infield hit)
Pitching: RHP Lee Durbin
Batting: RHB Brian Gargis 0-0: Called Strike
Mark Huey steals 2nd base
0-1: Ball
1-1: DOUBLE (Flyball, 8RD, EV 110.6 MPH)
Mark Huey scores
Batting: RHB Eddy Marcos 0-0: Ground out 5-3 (Groundball, 56S, EV 81.9 MPH)
Top of the 5th over - 1 run, 2 hits, 0 errors, 1 left on base; Eugene 4 - Los Angeles (NYP) 1
BOTTOM OF THE 5TH
Los Angeles (NYP) Dodgers batting - Pitching for Eugene Emeralds : RHP Jose Ramirez
Batting: RHB Neal Jukic 0-0: Called Strike
0-1: Ball
1-1: Swinging Strike
1-2: Strikes out swinging
Batting: RHB Mario Mejia 0-0: Foul Ball, location: 2F
0-1: Foul Ball, location: 2F
0-2: Strikes out swinging
Batting: RHB Leo Cuellar 0-0: Ball
1-0: Ground out 6-3 (Groundball, 6M, EV 82.5 MPH)
Bottom of the 5th over - 0 runs, 0 hits, 0 errors, 0 left on base; Eugene 4 - Los Angeles (NYP) 1
TOP OF THE 6TH
Eugene Emeralds batting - Pitching for Los Angeles (NYP) Dodgers : RHP Lee Durbin
Batting: RHB Garrett Granata 0-0: Swinging Strike
0-1: Ball
1-1: Foul Ball, location: 2F
1-2: Ground out 6-3 (Groundball, 6M, EV 100.0 MPH)
Batting: RHB Chris Slama 0-0: Swinging Strike
0-1: Ground out 5-3 (Groundball, 56S, EV 82.5 MPH)
Batting: RHB Ryan Walker 0-0: Ball
1-0: Called Strike
1-1: Called Strike
1-2: Ball
2-2: Ball
3-2: Ground out 5-3 (Groundball, 56, EV 85.0 MPH)
Top of the 6th over - 0 runs, 0 hits, 0 errors, 0 left on base; Eugene 4 - Los Angeles (NYP) 1
BOTTOM OF THE 6TH
Los Angeles (NYP) Dodgers batting - Pitching for Eugene Emeralds : RHP Jose Ramirez
Batting: LHB Kippy McGrath 0-0: Called Strike
0-1: Ball
1-1: Ball
2-1: Ball
3-1: Foul Ball, location: 2F
3-2: SINGLE (Groundball, 25, EV 68.1 MPH) (infield hit)
Batting: SHB Chris Ackerson 0-0: Ball
1-0: Fly out, F5 (Line Drive, 5, EV 64.4 MPH)
Pitching: LHP Jesse Fields
Batting: RHB Eddie Perry 0-0: Ball
1-0: Ball
2-0: Ball
3-0: Base on Balls
Kippy McGrath to second
Batting: RHB Jonathan Kirsch 0-0: Ball
1-0: Fielders Choice at 2nd, 3-6 (Groundball, 3S, EV 79.4 MPH)
Kippy McGrath to third
Batting: LHB Bobby Gambrell 0-0: Foul Ball, location: 2F
0-1: Called Strike
0-2: Strikes out swinging
Bottom of the 6th over - 0 runs, 1 hit, 0 errors, 2 left on base; Eugene 4 - Los Angeles (NYP) 1
TOP OF THE 7TH
Eugene Emeralds batting - Pitching for Los Angeles (NYP) Dodgers : RHP Lee Durbin
Pitching: RHP Craig Fallon
Batting: LHB Trevor Spaulding 0-0: Reached on error, E4 (Groundball, 4, EV 81.2 MPH)
Batting: RHB Jonathan Sotelo 0-0: Ground out 6-3 (Groundball, 56, EV 106.9 MPH)
Batting: LHB Kwang-chih Men 0-0: Ball
1-0: Called Strike
1-1: SINGLE (Groundball, 34D, EV 94.4 MPH)
Trevor Spaulding to third
Runner from 3rd tries for Home, SAFE, throw by RF to home
Batting: LHB Mark Huey 0-0: Ball
1-0: Called Strike
1-1: Ball
2-1: Ball
3-1: Base on Balls
Kwang-chih Men to second
Batting: RHB Brian Gargis 0-0: Ball
1-0: Ball
2-0: Foul Ball, location: 2F
2-1: Called Strike
2-2: Foul Ball, location: 2F
2-2: Ball
3-2: Fly out, F9 (Flyball, 89D, EV 87.5 MPH)
Runner from 2nd tags up, SAFE at 3rd, no throw by RF
Batting: RHB Eddy Marcos 0-0: Fly out, F3 (Popup, 3F, EV 66.2 MPH)
Top of the 7th over - 1 run, 1 hit, 1 error, 2 left on base; Eugene 5 - Los Angeles (NYP) 1
BOTTOM OF THE 7TH
Los Angeles (NYP) Dodgers batting - Pitching for Eugene Emeralds : LHP Jesse Fields
Batting: RHB Jonathan Quijada 0-0: Foul Ball, location: 2F
0-1: Called Strike
0-2: Strikes out swinging
Batting: RHB Neal Jukic 0-0: Called Strike
0-1: Swinging Strike
0-2: Ball
1-2: Ball
2-2: Ball
3-2: Foul Ball, location: 2F
3-2: Strikes out swinging
Batting: RHB Mario Mejia 0-0: Foul Ball, location: 2F
0-1: Ball
1-1: Ground out 6-3 (Groundball, 6, EV 83.8 MPH)
Bottom of the 7th over - 0 runs, 0 hits, 0 errors, 0 left on base; Eugene 5 - Los Angeles (NYP) 1
TOP OF THE 8TH
Eugene Emeralds batting - Pitching for Los Angeles (NYP) Dodgers : RHP Craig Fallon
Pitching: RHP Chris Hodge
Batting: RHB Garrett Granata 0-0: Ball
1-0: Ball
2-0: Ground out 5-3 (Groundball, 56, EV 106.2 MPH)
Batting: RHB Chris Slama 0-0: Ground out 5-3 (Groundball, 56, EV 108.1 MPH)
Batting: RHB Ryan Walker 0-0: Ball
1-0: Foul Ball, location: 2F
1-1: SINGLE (Line Drive, 34D, EV 93.8 MPH)
Batting: LHB Trevor Spaulding 0-0: Foul Ball, location: 2F
0-1: Ball
Wild Pitch!
Ryan Walker to second
1-1: Called Strike
1-2: Ball
2-2: Foul Ball, location: 2F
2-2: 2-RUN HOME RUN (Line Drive, 9LD, EV 92.5 MPH), Distance : 346 ft
Batting: RHB Jonathan Sotelo 0-0: Foul Ball, location: 2F
0-1: Ball
1-1: Ball
2-1: Ground out 5-3 (Groundball, 5, EV 77.5 MPH)
Top of the 8th over - 2 runs, 2 hits, 0 errors, 0 left on base; Eugene 7 - Los Angeles (NYP) 1
BOTTOM OF THE 8TH
Los Angeles (NYP) Dodgers batting - Pitching for Eugene Emeralds : LHP Jesse Fields
Batting: RHB Leo Cuellar 0-0: Ball
1-0: Swinging Strike
1-1: Ball
2-1: Foul Ball, location: 2F
2-2: Strikes out looking
Batting: LHB Kippy McGrath 0-0: Called Strike
0-1: Foul Ball, location: 2F
0-2: Strikes out swinging
Batting: SHB Chris Ackerson 0-0: Ground out 3-1 (Groundball, 34, EV 104.4 MPH)
Bottom of the 8th over - 0 runs, 0 hits, 0 errors, 0 left on base; Eugene 7 - Los Angeles (NYP) 1
TOP OF THE 9TH
Eugene Emeralds batting - Pitching for Los Angeles (NYP) Dodgers : RHP Chris Hodge
Batting: LHB Kwang-chih Men 0-0: Ball
1-0: Foul Ball, location: 2F
1-1: Called Strike
1-2: Foul Ball, location: 2F
1-2: Ball
2-2: Foul Ball, location: 2F
2-2: Foul Ball, location: 2F
2-2: Ball
3-2: Foul Ball, location: 2F
3-2: Base on Balls
Pitching: RHP Willie Alvarado
Batting: LHB Mark Huey 0-0: Called Strike
0-1: Ball
Wild Pitch!
Kwang-chih Men to second
1-1: Fly out, F8 (Line Drive, 8LD, EV 89.4 MPH)
Batting: RHB Brian Gargis 0-0: Ball
1-0: Called Strike
1-1: Foul Ball, location: 2F
1-2: Ball
Wild Pitch!
Kwang-chih Men to third
2-2: Fly out, F9 (Flyball, 9, EV 90.0 MPH)
Batting: RHB Eddy Marcos 0-0: Ball
1-0: Called Strike
1-1: Ball
2-1: Ball
3-1: Ground out 1-3 (Groundball, 13, EV 72.5 MPH)
Top of the 9th over - 0 runs, 0 hits, 0 errors, 1 left on base; Eugene 7 - Los Angeles (NYP) 1
BOTTOM OF THE 9TH
Los Angeles (NYP) Dodgers batting - Pitching for Eugene Emeralds : LHP Jesse Fields
Batting: RHB Eddie Perry 0-0: Foul Ball, location: 2F
0-1: Foul Ball, location: 2F
0-2: Foul Ball, location: 2F
0-2: Foul Ball, location: 2F
0-2: Ball
1-2: Foul Ball, location: 2F
1-2: Strikes out swinging
Batting: RHB Jonathan Kirsch 0-0: Called Strike
0-1: Called Strike
0-2: Ball
1-2: Ball
2-2: Ground out 4-3 (Groundball, 4D, EV 101.9 MPH)
Batting: LHB Bobby Gambrell 0-0: Ball
1-0: Ball
2-0: Called Strike
2-1: Foul Ball, location: 2F
2-2: Ball
3-2: Foul Ball, location: 2F
3-2: Ground out 6-3 (Groundball, 6, EV 90.0 MPH)
Bottom of the 9th over - 0 runs, 0 hits, 0 errors, 0 left on base; Eugene 7 - Los Angeles (NYP) 1
Thursday, March 31st , 2022 - OOTP Baseball 22.12 Build 89